 Dungeon Crawl Stone Soup version 0.29.1-15-g9cfb28693d (webtiles) character file.

Game seed: 598733340563926683

7706 monsoonserge the Basher (level 11, -2/89 HPs)
             Began as a Palentonga Abyssal Knight on Apr 28, 2023.
             Was a High Priest of Lugonu.
             Slain by a vampire (5 damage)
             ... on level 10 of the Dungeon.
             The game lasted 00:49:56 (11535 turns).

monsoonserge the Basher (PaAK)                     Turns: 11535, Time: 00:49:57

Health: -2/89      AC: 16    Str: 19    XL:     11   Next: 0%
Magic:  7/16       EV: 11    Int: 11    God:    Lugonu [*****.]
Gold:   479        SH: 10    Dex: 17    Spells: 10/10 levels left

rFire   + . .      SeeInvis +   L - +5 flail (freeze)
rCold   + . .      Faith    .   J - +0 kite shield
rNeg    + + .      Spirit   .   z - +1 robe of the Sacrificial Victim {rPois rN++ Str-3 Dex+4}
rPois   +          Reflect  .   o - +2 helmet
rElec   .          Harm     .   B - +0 cloak
rCorr   .          Rampage  .   (no gloves)
Will    .....                   (no barding)
Stlth   +++.......              (no amulet)
HPRegen 0.24/turn               G - ring of protection from fire
MPRegen 0.15/turn               a - ring of protection from cold

@: attractive, curled up
A: large, rugged brown scales 3, see invisible, deformed body, roll 1, armoured
tail, reflexive curl, talons 1, thin skeletal structure 1
a: Rolling Charge, Renounce Religion, Depart the Abyss, Bend Space, Banish,
Corrupt, Enter the Abyss


You were on level 10 of the Dungeon.
You worshipped Lugonu.
Lugonu was extremely pleased with you.
You visited 1 branch of the dungeon, and saw 10 of its levels.
You visited the Abyss 1 time.
You also visited: Sewer.

You collected 479 gold pieces.

Inventory:

Hand Weapons
 e - the +10 spear "Xymoaneupt" {venom, rElec rC- Dex+5}
   (You found it on level 9 of the Dungeon)

   It poisons the flesh of those it strikes.
   Dex:       It affects your dexterity (+5).
   rC:        It makes you vulnerable to cold.
   rElec:     It insulates you from electricity.
 F - a +0 flail of holy wrath
 H - a +3 hand axe of freezing
 I - the +5 sling of the Destroying Badger {flame, *Corrode rPois rF++}
   (You found it on level 5 of the Dungeon)

   Any ammunition fired from it burns those it strikes, dealing additional fire
   damage.
   rF:        It greatly protects you from fire.
   rPois:     It protects you from poison.
   *Corrode:  It may corrode you when you take damage.
 L - a +5 flail of freezing (weapon)
 Y - a +1 hand axe of electrocution
Missiles
 p - 3 silver javelins
 K - 3 boomerangs (quivered)
 N - 31 poisoned darts
 P - a throwing net
 R - 2 curare-tipped darts
Armour
 o - a +2 helmet (worn)
 q - a +0 chain mail
 z - the +1 robe of the Sacrificial Victim (worn) {rPois rN++ Str-3 Dex+4}
   (You found it on level 3 of the Dungeon)

   Str:       It affects your strength (-3).
   Dex:       It affects your dexterity (+4).
   rPois:     It protects you from poison.
   rN:        It greatly protects you from negative energy.
 B - a +0 cloak (worn)
 J - a +0 kite shield (worn)
 O - a +0 plate armour
 T - a +2 leather armour of fire resistance
Magical Staves
 f - a staff of poison
 C - a staff of air
Jewellery
 a - a ring of protection from cold (right hand)
 t - a +6 ring of intelligence
 G - a ring of protection from fire (left hand)
 X - a ring of willpower
Wands
 Q - a wand of paralysis (10)
 S - a wand of polymorph (3)
 W - a wand of iceblast (4)
Scrolls
 b - 4 scrolls of fog {unknown}
 c - a scroll of blinking {unknown}
 d - 12 scrolls of identify {unknown}
 i - 2 scrolls of enchant armour {unknown}
 j - 8 scrolls of teleportation {unknown}
 r - a scroll of silence {unknown}
 v - a scroll of summoning {unknown}
 x - 3 scrolls of magic mapping {unknown}
 y - a scroll of vulnerability {unknown}
 D - 2 scrolls of noise {unknown}
 E - 3 scrolls of enchant weapon {unknown}
 M - a scroll of fear {unknown}
 V - a scroll of acquirement {unknown}
Potions
 g - 5 potions of attraction
 h - 6 potions of curing
 k - 4 potions of heal wounds {unknown}
 l - a potion of cancellation {unknown}
 m - 5 potions of lignification {unknown}
 n - 4 potions of haste {unknown}
 s - 4 potions of mutation
 u - a potion of magic {unknown}
 w - 2 potions of invisibility {unknown}
 U - a potion of flight {unknown}
 Z - a potion of might {unknown}


   Skills:
 + Level 7.3 Fighting
 + Level 5.2(7.8) Axes
 + Level 9.1(10.1) Maces & Flails
 + Level 4.4(7.3) Staves
 + Level 1.4 Ranged Weapons
 + Level 0.2 Throwing
 + Level 3.0 Armour
 + Level 4.8 Dodging
 + Level 4.2 Shields
 + Level 7.5 Invocations
 + Level 0.2 Evocations


You had 10 spell levels left.
You didn't know any spells.
Your spell library contained the following spells:

 Spells                   Type           Power      Damage    Failure   Level
 Sting                    Tmut/Pois      0%         1d3       63%         1
 Ensorcelled Hibernation  Hex/Ice        0%         N/A       77%         2
 Poisonous Vapours        Pois/Air       0%         N/A       77%         2
 Spider Form              Tmut/Pois      0%         N/A       94%         3
 Summon Guardian Golem    Hex/Summ       0%         N/A       94%         3
 Anguish                  Hex/Necr       0%         N/A       100%        4
 Cause Fear               Hex            0%         N/A       100%        4
 Olgreb's Toxic Radiance  Pois           0%         N/A       100%        4
 Dragon Form              Tmut           0%         N/A       100%        7
 Orb of Destruction       Conj           0%         9d5       100%        7
 Spellforged Servitor     Conj/Summ      0%         N/A       100%        7
 Dragon's Call            Summ           0%         N/A       100%        9


Dungeon Overview and Level Annotations

Branches:
Dungeon (10/15)            Temple (0/1) D:4           Sewer (visited)
   Lair: D:8-11         Orc: D:9-12

Altars:
Ashenzari
Cheibriados
Elyvilon
Fedhas
Gozag
Kikubaaqudgha
Makhleb
Ru
Sif Muna
Trog
Wu Jian
Xom
Zin

Annotations:
D:8 Erica


Innate Abilities, Weirdness & Mutations

You are completely covered in rugged brown scales. (AC +3, +7% HP)
You have supernaturally acute eyesight. (SInv)
Armour fits poorly on your strangely shaped body.
You can roll at nearby foes to attack.
You have a long armoured tail.
You curl defensively after being hit. (AC +7*)
You have sharp toenails.
You have a somewhat thin skeletal structure. (Dex +2, Stealth+)


Message History

Found a stone staircase leading down.
The bullfrog hits the plant.
The plant begins to die.
The bullfrog hits the plant!
The plant begins to die.
The vampire mumbles some strange words.
The vampire flickers and vanishes for a moment.
The bullfrog hits the fungus!
The fungus begins to die.
Okay, then.
Okay, then.
Press: ? - help, v - describe, . - travel
Here: a vampire (slightly transparent)
The floor.
Roll where?
Press: ? - help, Dir - move target, f - vampire
Aim: a vampire (slightly transparent)
You roll forward with a clatter of scales!
You barely miss the vampire. The vampire hits you.
* * * LOW HITPOINT WARNING * * *
The vampire barely misses you.
You hit the vampire.
You tail-slap the vampire, but do no damage.
The vampire is lightly damaged.
The vampire hits you.
* * * LOW HITPOINT WARNING * * *
The vampire bites you.
* * * LOW HITPOINT WARNING * * *
Space bends violently around you!
You blink.
It was a potion of attraction.
You feel attractive to monsters. The bullfrog is attracted toward you.
Space bends violently around you!
You blink.
Found a robe, a potion of curing and a pink potion.
The vampire is attracted toward you. The bullfrog is attracted toward you.
Space bends violently around you!
You blink.
A yak comes into view.
The yak bellows!
The vampire is attracted toward you. The yak is attracted toward you.
It was a potion of mutation.
You feel extremely strange.
Your bones become slightly less dense.
Your toenails lengthen and sharpen.
The vampire hits you.
You die...

#.. #.# ###..
#§# .... #§# #
##.## #§# #.
##...###.#
#..#.....##.####
#.§......[F>...#
#...!V#####.#
##.Y@# ##!## #.
#. #. ##


You could see a yak, a vampire (invisible) and a bullfrog.

Vanquished Creatures
  Pikel (D:6)
  Maurice (D:8)
  Grinder (D:6)
  A slime creature (D:9)
  Sigmund (D:4)
  Grum (D:8)
  10 yaks (D:9)
  2 steam dragons
  2 vampire mosquitoes (D:8)
  An acid dragon (D:9)
  A black bear (D:6)
  A sky beast (D:5)
  3 orc warriors
  An ice beast (D:7)
  Pargi (Sewer)
  3 ogres
  2 wolves
  3 centaurs
  4 lemures
  4 bullfrogs
  5 kobold brigands
  Blork the orc (D:5)
  A gnoll sergeant (D:8)
  3 necrophages
  3 scorpions
  8 wights
  4 killer bees (D:8)
  7 howler monkeys
  11 orc priests
  2 hounds
  Crazy Yiuf (D:3)
  4 iguanas
  Natasha (twice) (D:3)
  4 orc wizards
  15 adders
  7 gnolls
  A river rat (D:3)
  2 shadow imps (D:6)
  A white imp (D:8)
  4 worms
  2 dart slugs
  30 orcs
  12 ball pythons
  9 endoplasms
  5 giant cockroaches
  7 goblins
  8 hobgoblins
  6 jackals
  6 quokkas
  3 bats
  8 frilled lizards
  27 kobolds
  3 rats
256 creatures vanquished.

Vanquished Creatures (others)
  8 fungi (D:10)
  15 plants (D:10)
23 creatures vanquished.

Grand Total: 279 creatures vanquished

Notes
Turn   | Place    | Note
-------+----------+-------------------------------------------
     0 | Abyss:1  | monsoonserge the Palentonga Abyssal Knight began the quest
                  | for the Orb.
     0 | Abyss:1  | Reached XP level 1. HP: 19/19 MP: 2/2
     1 | D:1      | Escaped the Abyss
   138 | D:1      | Reached XP level 2. HP: 12/25 MP: 3/3
   620 | D:1      | You fall into a shaft and drop 1 floor!
   620 | D:2      | Found a white marble altar of Elyvilon.
  1167 | D:2      | Reached XP level 3. HP: 18/32 MP: 4/4
  1456 | D:2      | Reached *** piety under Lugonu
  1603 | D:2      | Reached XP level 4. HP: 35/39 MP: 6/6
  2037 | D:3      | Found a snail-covered altar of Cheibriados.
  2037 | D:3      | Found a burning altar of Makhleb.
  2211 | D:3      | Reached skill level 1 in Dodging
  2240 | D:3      | Found a glowing drain.
  2244 | Sewer    | Entered a sewer
  2287 | Sewer    | Noticed Pargi
  2305 | Sewer    | Killed Pargi
  2306 | Sewer    | Reached XP level 5. HP: 11/44 MP: 7/7
  2807 | D:3      | Identified the +1 robe of the Sacrificial Victim {rPois
                  | rN++ Str-3 Dex+4}
  2915 | D:3      | Found a faded altar of an unknown god.
  3115 | D:3      | Reached XP level 6. HP: 51/51 MP: 8/8
  3264 | D:3      | Noticed Natasha
  3270 | D:3      | Killed Natasha
  3275 | D:3      | Noticed Natasha
  3281 | D:3      | Killed Natasha
  3459 | D:3      | Found a runed translucent door.
  3460 | D:3      | Noticed Crazy Yiuf
  3471 | D:3      | Killed Crazy Yiuf
  3803 | D:3      | Found a blossoming altar of Fedhas.
  3930 | D:4      | Found a staircase to the Ecumenical Temple.
  4059 | D:4      | Noticed Sigmund
  4066 | D:4      | Killed Sigmund
  4067 | D:4      | Reached skill level 1 in Staves
  4067 | D:4      | Gained mutation: You curl defensively after being hit. (AC
                  | +7*) [Palentonga growth]
  4067 | D:4      | Reached XP level 7. HP: 55/58 MP: 10/10
  4168 | D:4      | Reached skill level 5 in Axes
  4365 | D:4      | Reached **** piety under Lugonu
  4396 | D:4      | Found a shimmering altar of Xom.
  4614 | D:5      | Entered Level 5 of the Dungeon
  4776 | D:5      | Reached skill level 5 in Fighting
  4800 | D:5      | Found a shimmering blue altar of Sif Muna.
  4816 | D:5      | Reached XP level 8. HP: 58/66 MP: 11/11
  4820 | D:5      | Reached skill level 5 in Invocations
  5193 | D:5      | Noticed Blork the orc
  5194 | D:5      | Found a broken altar of Ashenzari.
  5201 | D:5      | Killed Blork the orc
  5310 | D:5      | Identified the +5 sling of the Destroying Badger {flame,
                  | *Corrode rPois rF++}
  6019 | D:6      | Reached skill level 1 in Ranged Weapons
  6024 | D:6      | Noticed Pikel
  6475 | D:6      | Reached skill level 1 in Maces & Flails
  6522 | D:6      | Reached skill level 1 in Shields
  6556 | D:6      | Noticed Grinder
  6558 | D:6      | Paralysed by Grinder for 3 turns
  6561 | D:6      | Killed Grinder
  6562 | D:6      | Reached skill level 2 in Maces & Flails
  6562 | D:6      | Reached XP level 9. HP: 64/73 MP: 13/13
  6632 | D:6      | Killed Pikel
  6633 | D:6      | Reached skill level 3 in Maces & Flails
  6744 | D:6      | Reached skill level 4 in Maces & Flails
  7213 | D:6      | Reached ***** piety under Lugonu
  7733 | D:7      | Reached skill level 5 in Maces & Flails
  8480 | D:8      | Reached skill level 6 in Maces & Flails
  8488 | D:8      | Noticed Grum
  8618 | D:8      | Killed Grum
  8766 | D:8      | Reached XP level 10. HP: 81/81 MP: 15/15
  9220 | D:7      | Found a glowing silver altar of Zin.
  9236 | D:7      | Found a bloodstained altar of Trog.
  9266 | D:7      | Found a white marble altar of Elyvilon.
  9275 | D:7      | Found an opulent altar of Gozag.
  9603 | D:8      | Noticed Maurice
  9609 | D:8      | Killed Maurice
  9610 | D:8      | Reached skill level 7 in Maces & Flails
 10238 | D:9      | Identified the +10 spear "Xymoaneupt" {venom, rElec rC-
                  | Dex+5}
 10252 | D:9      | Found an ornate altar of the Wu Jian Council.
 10610 | D:9      | Noticed Erica
 11050 | D:9      | Reached skill level 8 in Maces & Flails
 11293 | D:9      | Found a sacrificial altar of Ru.
 11294 | D:9      | Found an ancient bone altar of Kikubaaqudgha.
 11324 | D:9      | Reached skill level 9 in Maces & Flails
 11510 | D:9      | Reached XP level 11. HP: 33/89 MP: 12/16
 11523 | D:10     | Entered Level 10 of the Dungeon
 11535 | D:10     | Gained mutation: You have a somewhat thin skeletal
                  | structure. (Dex +2, Stealth+) [potion of mutation]
 11535 | D:10     | Gained mutation: You have sharp toenails. [potion of
                  | mutation]
 11535 | D:10     | Slain by a vampire

Illustrated notes

Levels and vault maps discovered:
D:1:      amcnicky_arrival_choice, layout_basic, roderic_roman_lattice
D:2:      layout_basic, basic_altar, kennysheep_generic_room_15
D:3:      layout_loops_corners, fedhas_altar_4,
          mainiacjoe_overflow_divided_tiny, gup_sewer_entry_spiral,
          shapermc_ecumenical_altar_mp_vishouse, moated_statue,
          minmay_snake_closets, uniq_crazy_yiuf_cottage, uniq_natasha
D:4:      layout_basic, marbit_many_paths, temple_pool_b,
          kennysheep_flooded_box, uniq_sigmund
D:5:      layout_layer_cave, nicolae_sif_muna_condensation,
          evilmike_ruin_ashenzari, uniq_blork_the_orc
D:6:      layout_loops_ring, uniq_grinder, uniq_pikel
D:7:      minmay_klotski, layout_basic, grunt_temple_overflow_cloverleaf
D:8:      hellmonk_ruined_rings, layout_basic, uniq_maurice, uniq_grum
D:9:      layout_roguey, chequers_temple_overflow_statue_of_worship,
          orc_0_dummy, uniq_erica
D:10:     layout_loops_ring, due_lair_maze_entry_diamond, enter_bailey_7,
          uniq_psyche

Skill      XL: |  1  2  3  4  5  6  7  8  9 10 |
---------------+-------------------------------+-----
Armour         | 2 3 |  3.0
Axes           | 3 4 5 |  5.2
Dodging        | 1 2 3 4 |  4.8
Invocations    | 3 4 6 7 |  7.5
Fighting       | 4 5 6 7 |  7.3
Staves         | 1 3 4 |  4.4
Ranged Weapons | 1 |  1.4
Maces & Flails | 2 6 9 |  9.1
Shields        | 1 2 4 |  4.2
Throwing       | |  0.2
Evocations     | |  0.2

Action                   |  1- 3 |  4- 6 |  7- 9 | 10-12 || total
-------------------------+-------+-------+-------+-------++-------
Melee: Hand axe          |    97 |   123 |    54 |       ||   274
       Tailslap          |     3 |    21 |    45 |    34 ||   103
       Punch             |       |     2 |       |       ||     2
       Quarterstaff      |       |    24 |    90 |       ||   114
       Flail             |       |       |   177 |   180 ||   357
 Fire: Sling             |       |       |     5 |       ||     5
Throw: Boomerang         |       |       |     5 |     2 ||     7
Invok: Bend Space        |       |       |     6 |    18 ||    24
       Banish            |       |       |       |     1 ||     1
 Abil: Rolling Charge    |    10 |    13 |    50 |    18 ||    91
Evoke: Wand              |       |       |       |     2 ||     2
  Use: Potion            |       |       |       |     3 ||     3
 Stab: Sleeping          |       |     1 |     1 |       ||     2
Armor: Leather armour    |    40 |    57 |       |       ||    97
       Robe              |       |    21 |   143 |    52 ||   216
       Troll leather arm |       |     7 |       |       ||     7
Dodge: Dodged            |    44 |    66 |   144 |    73 ||   327
Block: Kite shield       |       |       |    94 |    61 ||   155
